 Dungeon Crawl Stone Soup version 0.25.1-2-g60ff931df9 (webtiles) character file.

Game seed: 7814402631521131598

6 Martska the Ruffian (level 1, -1/18 HPs)
             Began as a Naga Transmuter on Oct 14, 2020.
             Slain by a hobgoblin
             ... wielding a +0 club
              (5 damage)
             ... on level 1 of the Dungeon.
             The game lasted 00:00:32 (256 turns).

Martska the Ruffian (Naga Transmuter)                Turns: 256, Time: 00:00:32

Health: -1/18      AC:  1    Str: 12    XL:     1   Next: 90%
Magic:  3/3        EV: 10    Int: 13    God:
Gold:   22         SH:  0    Dex: 11    Spells: 3/4 levels left

rFire    . . .     SeeInvis +   c - +0 short sword
rCold    . . .     Gourm    .   (no shield)
rNeg     . . .     Faith    .   b - +0 robe
rPois    +         Spirit   .   (no helmet)
rElec    .         Reflect  .   (no cloak)
rCorr    .         Harm     .   (no gloves)
MR       .....                  (no barding)
Stlth    +.........             (no amulet)
HPRegen  0.06/turn              (no ring)
MPRegen  0.08/turn              (no ring)

@: short of breath, very slow
A: large, see invisible, deformed body, poison resistance, slowness 2, slow
metabolism 1, spit poison 1, AC +0
a: Spit Poison


You were on level 1 of the Dungeon.
You were not hungry.

You visited 1 branch of the dungeon, and saw 1 of its levels.

You collected 22 gold pieces.

Inventory:

Hand Weapons
 c - a +0 short sword (weapon)
Missiles
 a - 29 arrows
Armour
 b - a +0 robe (worn)
Comestibles
 d - a ration


   Skills:
 - Level 1.0 Fighting
 - Level 1.5 Dodging
 - Level 3.0 Unarmed Combat
 - Level 2.0 Spellcasting
 + Level 2.6 Transmutations


You had 3 spell levels left.
You knew the following spells:

 Your Spells              Type           Power        Failure   Level  Hunger
a - Beastly Appendage     Tmut           #.....       9%          1    ##.....

Your spell library contained the following spells:

 Spells                   Type           Power        Failure   Level  Hunger
 Sticks to Snakes         Tmut           #.......     13%         2    ###....
 Spider Form              Tmut/Pois      #.........   41%         3    ####...
 Ice Form                 Ice/Tmut       #.......     83%         4    #####..
 Blade Hands              Tmut           #.........   94%         5    ######.


Dungeon Overview and Level Annotations

Branches:
Dungeon (1/15)

Altars:


Innate Abilities, Weirdness & Mutations

You cannot wear boots.
Your serpentine skin is tough. (AC +0)
You have supernaturally acute eyesight. (SInv)
Armour fits poorly on your strangely shaped body.
Your system is resistant to poisons. (rPois)
You cover ground very slowly.
You have a slow metabolism.
You can spit poison.


Message History

The kobold hits you but does no damage. The hobgoblin hits you with a +0 club.
You have got your breath back.
The bat barely misses you. The kobold hits you with a +0 dagger.
The bat closely misses you. x2; The rat bites you.
* * * LOW HITPOINT WARNING * * *
The kobold hits you but does no damage.
You see here a glowing black potion.
Press: ? - help, Shift-Dir - straight line, f/p - hobgoblin
Aim: a hobgoblin, wielding a +0 club (severely wounded)
The splash of poison hits the kobold.
The kobold is poisoned.
You kill the kobold!
You feel slightly more hungry. The bat closely misses you.
The kobold closely misses you. The rat closely misses you. The bat hits you.
* * * LOW HITPOINT WARNING * * *
The bat closely misses you.
You hit the hobgoblin but do no damage.
The hobgoblin is severely wounded.
The bat hits you but does no damage. x2; The hobgoblin hits you with a +0 club.
You die...

...#.#..........>........
............###......#...
#...(.....#.........#...
#.........# #.#.#.#.....
#.........# #...........
###.......#.###.........
#.....(.#....Jr......#
#.......####.gbK..####
#####...#....@.....#
###..............#
#.......#........#
#.......##########
#.........# ###.#####.#
#.# #.## #.# #..# #.#
##.#


You could see an ooze, a hobgoblin, a bat, a kobold and a rat.

Vanquished Creatures
  A dart slug (D:1)
  2 kobolds (D:1)
  2 rats (D:1)
5 creatures vanquished.

Notes
Turn   | Place    | Note
-------+----------+-------------------------------------------
     0 | D:1      | Martska the Naga Transmuter began the quest for the Orb.
     0 | D:1      | Reached XP level 1. HP: 18/18 MP: 3/3
   256 | D:1      | Slain by a hobgoblin

Illustrated notes

Levels and vault maps discovered:
D:1:      saegor_arrival_miasma, layout_basic

Action                   || total
-------------------------++-------
Melee: Short sword       ||    16
 Abil: Spit Poison       ||     3
Armor: Robe              ||     4
Dodge: Dodged            ||    20
